 Dungeon Crawl Stone Soup version 0.19.1-1-g22dce08 (webtiles) character file.

8997 Kiturien the Blocker (level 11, -8/94 HPs)
             Began as a Deep Dwarf Fighter on Jan 19, 2017.
             Was a Follower of Makhleb.
             Mangled by a hill giant
             ... wielding a +0 giant spiked club
              (23 damage)
             ... on level 10 of the Dungeon.
             The game lasted 00:43:12 (7959 turns).

Kiturien the Blocker (Deep Dwarf Fighter)           Turns: 7959, Time: 00:43:13

Health: -8/94      AC: 16    Str: 22    XL:     11   Next: 17%
Magic:  14/14      EV: 12    Int:  8    God:    Makhleb [*.....]
Gold:   302        SH: 13    Dex: 14    Spells: 2 memorised, 14 levels left

rFire  . . .     SeeInvis .     a - +0 war axe
rCold  + . .     Gourm    .     O - +6 chain mail
rNeg   . . .     Faith    .     c - +1 shield
rPois  +         Spirit   .     n - +2 helmet
rElec  .         Reflect  .     (no cloak)
rCorr  .         Harm     .     (no gloves)
MR     +....                    (no boots)
Stlth  ..........               (no amulet)
                                F - ring of protection from cold
                                s - +3 ring of evasion

@: non-regenerating
A: damage resistance, recharge devices, agile 1, deformed body, dopey 1, low mp
2, sense surroundings 3, poison resistance, slow regeneration 3, subdued magic 1
a: Device Recharging, Renounce Religion


You were on level 10 of the Dungeon.
You worshipped Makhleb.
Makhleb was aware of your devotion.
You were not hungry.

You visited 2 branches of the dungeon, and saw 11 of its levels.

You collected 1055 gold pieces.
You spent 753 gold pieces at shops.

Inventory:

Hand Weapons
 a - a +0 war axe (weapon)
 A - the +2 whip "Tiolunei" {protect, rN+ Int+5 Stlth-}
   (You found it on level 4 of the Dungeon)

   It protects the one who uses it against injury (+AC on strike).
   It affects your intelligence (+5).
   It protects you from negative energy.
   It makes you less stealthy.
 E - a +3 shortbow
 P - a +4 hand axe
Armour
 b - a +0 scale mail
 c - a +1 shield (worn)
 h - a +0 helmet
 n - a +2 helmet (worn)
 u - a +0 chain mail
 v - a +0 ring mail of magic resistance
 x - the +0 leather armour of Kikubaaqudgha {+Blink Str+3 Dex-3 Slay+2}
   (You found it on level 7 of the Dungeon)

   It affects your strength (+3).
   It affects your dexterity (-3).
   It affects your accuracy and damage with ranged weapons and melee attacks
   (+2).
   It lets you blink.
 J - a +0 troll leather armour
 M - +0 steam dragon scales
 O - a +6 chain mail (worn)
Jewellery
 s - a +3 ring of evasion (left hand)
 F - a ring of protection from cold (right hand)
Wands
 e - a wand of heal wounds (0/9)
 q - a wand of flame (32/48)
 B - a wand of paralysis (11/24)
 D - a wand of confusion (22/48)
 I - a wand of iceblast (3/15)
Scrolls
 g - 6 scrolls of teleportation
 l - a scroll of fog
 m - a scroll of amnesia
 y - 5 scrolls of remove curse
 H - a scroll of blinking
 K - a scroll of magic mapping
 N - a scroll of identify
Potions
 d - 2 potions of might
 j - 2 potions of curing
 k - a potion of heal wounds
 o - a potion of flight
 t - a potion of invisibility
 C - 3 potions of lignification
Books
 p - a book of Callings

   Spells                             Type                      Level
   a - Summon Small Mammal            Summoning                    1
   b - Call Imp                       Summoning                    2
   c - Call Canine Familiar           Summoning                    3
   d - Summon Guardian Golem          Hexes/Summoning              3
   e - Summon Lightning Spire         Summoning/Air                4
   f - Summon Ice Beast               Ice/Summoning                4
 G - a book of Maledictions

   Spells                             Type                      Level
   a - Corona                         Hexes                        1
   b - Ensorcelled Hibernation        Hexes/Ice                    2
   c - Confuse                        Hexes                        3
   d - Tukima's Dance                 Hexes                        3
   e - Dazzling Spray                 Conjuration/Hexes            3
 L - a book of Geomancy

   Spells                             Type                      Level
   a - Sandblast                      Earth                        1
   b - Passwall                       Transmutation/Earth          2
   c - Stone Arrow                    Conjuration/Earth            3
   d - Petrify                        Transmutation/Earth          4
   e - Lee's Rapid Deconstruction     Earth                        5
Miscellaneous
 Q - a lamp of fire
Comestibles
 f - 4 bread rations
 i - 5 slices of pizza
 r - 4 meat rations
 w - 3 fruits
 z - 4 royal jellies


   Skills:
 + Level 5.0 Fighting
 + Level 9.3 Axes
 + Level 0.2(5.2) Maces & Flails
 + Level 9.4 Armour
 + Level 3.2 Dodging
 + Level 1.6 Stealth
 + Level 10.3 Shields
 * Level 4.5 Spellcasting
 * Level 5.0 Summonings
 - Level 4.1 Evocations


You had 14 spell levels left.
You knew the following spells:

 Your Spells              Type           Power        Failure   Level  Hunger
a - Call Canine Familiar  Summ           #.......     93%         3    ###....
b - Call Imp              Summ           #.......     63%         2    ###....


Dungeon Overview and Level Annotations

Branches:
Dungeon (10/15)            Temple (1/1) D:7            Lair (0/6) D:10
    Orc: D:9-12

Altars:
Ashenzari
Cheibriados
Dithmenos
Elyvilon
Fedhas
Gozag
Hepliaklqana
Kikubaaqudgha
Makhleb
Nemelex Xobeh
Okawaru
Qazlal
Ru
Sif Muna
Trog
Uskayaw
Vehumet
Xom
Yredelemnul
Zin
The Shining One

Shops:
D:7 !   D:8 [   D:9 *


Innate Abilities, Weirdness & Mutations

You are resistant to damage.
You can recharge devices by infusing magical energy.
You passively map a large area around you.
You do not regenerate.
You are agile. (Dex +2)
Armour fits poorly on your strangely shaped body.
You are dopey. (Int -2)
Your magical capacity is very low. (-20% MP)
Your system is resistant to poisons. (rPois)
Your spells are a little easier to cast, but a little less powerful.


Message History

Makhleb accepts your kill.
You feel your strength returning.
Your Fighting skill increases to level 5!
Your Summonings skill increases to level 5!
You hit the hill giant.
The hill giant is lightly wounded.
You block the hill giant's attack.
You hit the hill giant but do no damage.
The hill giant is lightly wounded.
Your shield and chain mail prevent you from hitting the hill giant.
The hill giant is lightly wounded.
The hill giant hits you with a giant spiked club.
You hit the hill giant.
The hill giant is lightly wounded.
The hill giant hits you with a giant spiked club!!
* * * LOW HITPOINT WARNING * * *
You hit the hill giant.
The hill giant is lightly wounded.
The hill giant hits you with a giant spiked club!!
You die...

*+ * ######+### * *
#........# , #........#
####.## ## #........#
#.......# .# #........#
#.......# .#
####........###.......# .#
#..'........'.#..C....# .#
#.##.....)..#@#.......#
.###.##........#C#.......#
((...##..†)....#.(.......#
.######..<)....###$.>....#
(# #.))†....# #.......# ##
#........# #########
##########


You could see a hill giant.

Vanquished Creatures
  A centaur skeleton (D:10)
  A troll (D:10)
  2 hippogriffs
  Grinder (D:6)
  A steam dragon (D:8)
  A wyvern (D:8)
  2 hungry ghosts
  Edmund (D:4)
  A water moccasin (D:7)
  A black bear (D:8)
  2 ice beasts (D:9)
  A phantom (D:7)
  A sky beast (D:7)
  5 centaurs
  2 ogres
  A crocodile (D:9)
  A big kobold (D:9)
  5 bullfrogs
  4 scorpions
  4 killer bees (D:9)
  7 wights
  7 howler monkeys
  A centaur zombie (D:3)
  10 crimson imps
  2 quasits
  Crazy Yiuf (D:3)
  3 jellies
  3 hounds
  2 iguanas
  3 orc wizards
  An orc priest (D:10)
  2 bullfrog skeletons
  5 worker ants
  A hound skeleton (D:4)
  2 worker ant zombies
  3 gnolls (D:8)
  13 adders
  A shadow imp (D:8)
  3 white imps (D:7)
  2 oozes
  4 worms
  An adder skeleton (D:6)
  An adder zombie (D:9)
  3 dart slugs
  4 leopard geckos
  20 orcs
  2 giant cockroaches
  10 goblins
  4 hobgoblins
  8 jackals
  8 kobolds
  6 quokkas
  6 bats
  4 frilled lizards
  3 leopard gecko skeletons
  A quokka skeleton (D:6)
  7 rats
202 creatures vanquished.

Notes
Turn   | Place    | Note
-------+----------+-------------------------------------------
     0 | D:1      | Kiturien the Deep Dwarf Fighter began the quest for the Orb.
     0 | D:1      | Reached XP level 1. HP: 20/20 MP: 1/1
   186 | D:1      | Reached XP level 2. HP: 20/27 MP: 2/2
   875 | D:2      | Reached XP level 3. HP: 13/33 MP: 3/3
  1073 | D:2      | Reached skill level 1 in Evocations
  1123 | D:2      | Found a bloodstained altar of Trog.
  1199 | D:2      | Found a blossoming altar of Fedhas.
  1396 | D:3      | Found a deep blue altar of Sif Muna.
  1421 | D:3      | Reached XP level 4. HP: 30/40 MP: 5/5
  1544 | D:3      | Reached skill level 4 in Shields
  1559 | D:3      | Found a runed door.
  1634 | D:3      | Noticed Crazy Yiuf
  1638 | D:3      | Killed Crazy Yiuf
  1638 | D:3      | Reached skill level 1 in Dodging
  1701 | D:3      | Found a stormy altar of Qazlal.
  1725 | D:3      | Reached XP level 5. HP: 26/49 MP: 6/6
  2421 | D:4      | Noticed Edmund
  2431 | D:4      | Killed Edmund
  2431 | D:4      | Reached XP level 6. HP: 44/56 MP: 7/7
  2737 | D:4      | Got a smoking whip
  2743 | D:4      | Identified the cursed +2 whip "Tiolunei" {protect, rN+ Int+5 Stlth-} (You found it on level 4 of the Dungeon)
  3209 | D:5      | Entered Level 5 of the Dungeon
  3268 | D:5      | Reached skill level 5 in Shields
  3322 | D:5      | Reached skill level 5 in Armour
  3346 | D:5      | Reached XP level 7. HP: 19/62 MP: 9/9
  3420 | D:5      | Found a snail-covered altar of Cheibriados.
  3420 | D:5      | Found a shadowy altar of Dithmenos.
  3545 | D:5      | Found an iron altar of Okawaru.
  4156 | D:6      | Found a hide-covered altar of Uskayaw.
  4206 | D:6      | Reached skill level 5 in Axes
  4228 | D:6      | Noticed Grinder
  4242 | D:6      | Paralysed by Grinder for 7 turns
  4262 | D:6      | Paralysed by Grinder for 5 turns
  4287 | D:6      | Paralysed by Grinder for 7 turns
  4294 | D:6      | Killed Grinder
  4294 | D:6      | Reached skill level 1 in Stealth
  4294 | D:6      | Reached XP level 8. HP: 14/72 MP: 11/11
  4594 | D:6      | Reached skill level 6 in Shields
  5075 | D:8      | Found a shattered altar of Ashenzari.
  5124 | D:8      | HP: 2/73 [acid (8)]
  5212 | D:8      | Reached skill level 7 in Shields
  5302 | D:8      | Gained mutation: You passively map the area around you. [Deep Dwarf growth]
  5302 | D:8      | Reached XP level 9. HP: 14/79 MP: 12/12
  5629 | D:8      | Found a shimmering altar of Xom.
  5695 | D:8      | Learned a level 3 spell: Call Canine Familiar
  5781 | D:8      | Found Kecol's Antique Armour Boutique.
  5995 | D:7      | Gained mutation: You are agile. (Dex +2) [mutagenic meat]
  5996 | D:7      | Gained mutation: You are partially covered in yellow scales. (AC +2) [mutagenic meat]
  5997 | D:7      | Gained mutation: You passively map a large area around you. [mutagenic meat]
  5998 | D:7      | Gained mutation: Your spells are a little easier to cast, but a little less powerful. [mutagenic meat]
  5999 | D:7      | Lost mutation: You are partially covered in yellow scales. (AC +2) [mutagenic meat]
  6000 | D:7      | Gained mutation: You possess an exceptional clarity of mind. [mutagenic meat]
  6107 | D:7      | Reached skill level 8 in Shields
  6155 | D:7      | Found Zont's Distillery.
  6163 | D:7      | Bought a potion of mutation for 32 gold pieces
  6163 | D:7      | Bought a potion of mutation for 32 gold pieces
  6163 | D:7      | Bought a potion of curing for 39 gold pieces
  6190 | D:7      | Found a hide-covered altar of Uskayaw.
  6198 | D:7      | Reached skill level 1 in Summonings
  6213 | D:7      | Gained mutation: Armour fits poorly on your strangely shaped body. [potion of mutation]
  6213 | D:7      | Gained mutation: Your magical capacity is low. (-10% MP) [potion of mutation]
  6213 | D:7      | Gained mutation: You are dopey. (Int -2) [potion of mutation]
  6214 | D:7      | Gained mutation: Your system is resistant to poisons. (rPois) [potion of mutation]
  6214 | D:7      | Gained mutation: Your magical capacity is very low. (-20% MP) [potion of mutation]
  6214 | D:7      | Lost mutation: You possess an exceptional clarity of mind. [potion of mutation]
  6244 | D:7      | Found a staircase to the Ecumenical Temple.
  6277 | Temple   | Entered the Ecumenical Temple
  6369 | Temple   | Became a worshipper of Makhleb the Destroyer
  6404 | D:7      | Got a brightly glowing leather armour
  6415 | D:7      | Identified the cursed +0 leather armour of Kikubaaqudgha {+Blink Str+3 Dex-3 Slay+2} (You found it on level 7 of the Dungeon)
  6579 | D:7      | Reached skill level 1 in Spellcasting
  6817 | D:7      | Bought a potion of experience for 650 gold pieces
  6817 | D:7      | Reached skill level 10 in Shields
  6817 | D:7      | Reached XP level 10. HP: 30/87 MP: 9/13
  7096 | D:9      | Found Ohuitua's Assorted Antiques.
  7166 | D:9      | Learned a level 2 spell: Call Imp
  7180 | D:9      | Reached XP level 11. HP: 15/93 MP: 14/14
  7202 | D:9      | Found a radiant altar of Vehumet.
  7353 | D:9      | Reached * piety under Makhleb
  7541 | D:9      | Found an opulent altar of Gozag.
  7673 | D:9      | Found a faded altar of an unknown god.
  7673 | D:9      | Found an ancient bone altar of Kikubaaqudgha.
  7691 | D:9      | Found a faded altar of an unknown god.
  7693 | D:9      | Found a faded altar of an unknown god.
  7695 | D:9      | Found a faded altar of an unknown god.
  7828 | D:10     | Entered Level 10 of the Dungeon
  7938 | D:10     | Noticed a hill giant
  7954 | D:10     | Reached skill level 5 in Fighting
  7954 | D:10     | Reached skill level 5 in Summonings
  7959 | D:10     | Mangled by a hill giant

Skill      XL: |  1  2  3  4  5  6  7  8  9 10 11 |
---------------+----------------------------------+-----
Evocations     | 1 2 3 4 |  4.1
Armour         | 4 5 6 9 |  9.4
Axes           | 3 4 5 7 8 9 |  9.3
Shields        | 4 5 7 10 | 10.3
Fighting       | 3 4 5 |  5.0
Dodging        | 1 2 3 |  3.2
Stealth        | 1 |  1.6
Summonings     | 4 5 |  5.0
Spellcasting   | 4 |  4.5
Maces & Flails | |  0.2

Action                   |  1- 3 |  4- 6 |  7- 9 | 10-12 || total
-------------------------+-------+-------+-------+-------++-------
Melee: War axe           |   137 |   166 |   518 |   212 ||  1033
       Whip              |       |     8 |       |       ||     8
Evoke: Wand              |     1 |     1 |     3 |       ||     5
  Use: Scroll            |     6 |     2 |    11 |     1 ||    20
       Potion            |       |       |    15 |     6 ||    21
  Eat: Bread ration      |     1 |     1 |     3 |     1 ||     6
       Meat ration       |       |       |     1 |     1 ||     2
       Fruit             |       |       |     1 |       ||     1
       Chunk             |       |       |     6 |       ||     6
Armor: Scale mail        |    54 |    42 |       |       ||    96
       Chain mail        |       |    28 |   262 |    79 ||   369
Dodge: Dodged            |    46 |    65 |   216 |    84 ||   411
Block: Shield            |    80 |   115 |   356 |   139 ||   690
